 Dungeon Crawl Stone Soup version 0.29.0-4-gdea44cf6ec (webtiles) character file.

Game seed: 5054469222488011437

130 qw the Chopper (level 5, 0/29 (30) HPs)
             Began as a Tengu Warper on Aug 28, 2022.
             Slain by a wight
             ... wielding a +0 battleaxe
              (5 damage)
             ... on level 6 of the Dungeon.
             The game lasted 00:00:12 (2792 turns).

qw the Chopper (Tengu Warper)                       Turns: 2792, Time: 00:00:12

HP:   0/29 (30)     AC:  3    Str: 13    XL:     5   Next: 14%
MP:   9/9           EV: 18    Int: 14    God:
Gold: 255           SH:  0    Dex: 13    Spells: 8/8 levels left

rFire   . . .      SeeInvis .   a - +0 war axe
rCold   . . .      Faith    .   (no shield)
rNeg    + . .      Spirit   .   b - +0 leather armour
rPois   .          Reflect  .   (helmet restricted)
rElec   .          Harm     .   (no cloak)
rCorr   .          Rampage  .   (no gloves)
Will    .....                   (boots unavailable)
Stlth   +.........              (no amulet)
HPRegen 0.09/turn               i - +4 ring of evasion
MPRegen 0.11/turn               j - ring of positive energy

@: about to teleport, flying quickly and evasively, lightly drained, quick
A: beak, talons 3, nimble flight
a: no special abilities


You were on level 6 of the Dungeon.
You visited 1 branch of the dungeon, and saw 4 of its levels.

You collected 255 gold pieces.


Innate Abilities, Weirdness & Mutations

You have a beak for a mouth.
You have claws for feet.
Your magical nature lets you fly swiftly and evasively.


   Skills:
 - Level 2.0 Fighting
 + Level 5.7 Axes
 - Level 1.0 Throwing
 - Level 1.1 Armour
 - Level 2.1 Dodging
 - Level 2.0 Spellcasting
 - Level 2.4 Translocations


You had 8 spell levels left.
You didn't know any spells.
Your spell library contained the following spells:

 Spells                   Type           Power      Damage    Failure   Level
 Blink                    Tloc           16%        N/A       17%         2
 Gell's Gravitas          Tloc           8%         N/A       34%         3
 Lesser Beckoning         Tloc           8%         N/A       34%         3
 Teleport Other           Tloc           8%         N/A       34%         3
 Manifold Assault         Tloc           8%         N/A       97%         5

Inventory:

Hand Weapons
 a - a +0 war axe (weapon)
 e - a +1 whip of electrocution
Armour
 b - a +0 leather armour (worn)
Jewellery
 i - a +4 ring of evasion (left hand)
 j - a ring of positive energy (right hand)
Scrolls
 d - a scroll of vulnerability {unknown}
 g - 3 scrolls of identify
Potions
 f - a potion of haste
 h - a potion of heal wounds {unknown}

Dungeon Overview and Level Annotations

Branches:
Dungeon (3/15)

Altars:
Vehumet


Message History

Existing waypoints: (1) D:2 (2) D:3 Assign waypoint to what number? (0-9, D - delete waypoint) Waypoint 1 re-assigned from D:2 to D:6.
Enter note: An ogre comes into view. It is wielding a +0 giant club.
The ogre shouts!
An iguana comes into view.
2784 ||| Stepping ~*~*~tactically~*~*~ (stealth).
A wight comes into view. It is wielding a +0 battleaxe.
Found a robe.
You slash the ogre! Your kick misses the ogre.
The ogre is moderately wounded.
The ogre misses you.
You barely miss the ogre. You peck the ogre.
The ogre is heavily wounded.
The ogre misses you.
You barely miss the ogre. You claw the ogre.
The ogre is severely wounded.
You slash the ogre!
You kill the ogre!
Your Axes skill increases to level 5!
You have reached level 4!
You feel clever.
You have reached level 5!
Your magical nature develops, letting you fly swiftly and evasively.
You hit the wight but do no damage. You claw the wight, but do no damage.
The wight hits you with a +0 battleaxe!
You hit the wight. Your peck misses the wight.
The wight is moderately damaged.
The wight hits you with a +0 battleaxe!!
Ouch! That really hurt!
You partially resist.
You feel drained.
2791 ||| READING scroll of teleportation.
As you read the scroll of teleportation, it crumbles to dust.
You feel strangely unstable. The wight closely misses you.
You hit the wight but do no damage. You claw the wight.
Your peck misses the wight.
The wight is moderately damaged.
The wight hits you with a +0 battleaxe.
You die...

##. . ..
l.##.###### .
........# ..
.......##.#. .
##..........
....#...........
#.....)...#
#.##.#@##....#
......z.....###
.=..........#
.........!?...#
..............#
.........$....#
..............#
.......[......


You could see a wight.

Vanquished Creatures
  An ogre (D:6)
  A dart slug (D:1)
  7 endoplasms
  A giant cockroach (D:2)
  2 hobgoblins
  5 jackals
  A quokka (D:1)
  4 ball pythons (D:1)
  7 bats
  4 goblins
  6 kobolds
  2 rats
41 creatures vanquished.

Vanquished Creatures (others)
  4 toadstools (D:2)
4 creatures vanquished.

Grand Total: 45 creatures vanquished

Notes
Turn   | Place    | Note
-------+----------+-------------------------------------------
     0 | D:1      | qw the Tengu Warper began the quest for the Orb.
     0 | D:1      | Reached XP level 1. HP: 12/12 MP: 4/4
     0 | D:1      | 0 ||| qw: Version: 0.1-a-89-g26bdef1
     0 | D:1      | 0 ||| qw: Game counter: 3290
     0 | D:1      | 0 ||| qw: Always use a shield: true
     0 | D:1      | 0 ||| qw: God list: Okawaru
     0 | D:1      | 0 ||| qw: Allow faded altars: false
     0 | D:1      | 0 ||| qw: Do Orc after D:15 true
     0 | D:1      | 0 ||| qw: Do second Lair branch before Depths: true
     0 | D:1      | 0 ||| qw: Lair rune preference: random
     0 | D:1      | 0 ||| qw: Plans: Normal
     0 | D:1      | 0 ||| PLANNING D:1-11
    36 | D:1      | 36 ||| Stepping ~*~*~tactically~*~*~ (stealth).
   113 | D:1      | 113 ||| Stepping ~*~*~tactically~*~*~ (stealth).
   129 | D:1      | Reached skill level 3 in Axes
   129 | D:1      | Reached XP level 2. HP: 17/17 MP: 6/6
   165 | D:1      | 165 ||| Stepping ~*~*~tactically~*~*~ (hiding).
   267 | D:1      | 267 ||| Stepping ~*~*~tactically~*~*~ (hiding).
   369 | D:1      | 369 ||| Stepping ~*~*~tactically~*~*~ (hiding).
   471 | D:1      | 471 ||| Stepping ~*~*~tactically~*~*~ (hiding).
   573 | D:1      | 573 ||| Stepping ~*~*~tactically~*~*~ (hiding).
   575 | D:1      | 575 ||| Stepping ~*~*~tactically~*~*~ (hiding).
   708 | D:1      | 708 ||| Stepping ~*~*~tactically~*~*~ (stealth).
   710 | D:1      | 710 ||| Stepping ~*~*~tactically~*~*~ (stealth).
   711 | D:1      | 711 ||| Stepping ~*~*~tactically~*~*~ (stealth).
   983 | D:1      | Reached XP level 3. HP: 21/21 MP: 7/7
  1402 | D:1      | Reached skill level 4 in Axes
  1431 | D:1      | 1431 ||| DROPPING ring of magical power.
  1432 | D:1      | 1432 ||| READING scroll labelled SICWIONG NUARGH.
  1436 | D:1      | 1436 ||| READING scroll labelled JUOPLUELIR.
  1437 | D:1      | 1437 ||| DROPPING scroll of blinking.
  2242 | D:2      | Found a radiant altar of Vehumet.
  2414 | D:2      | 2414 ||| UPGRADING to +4 ring of evasion.
  2415 | D:2      | 2415 ||| UPGRADING to ring of positive energy.
  2416 | D:2      | 2416 ||| READING scroll labelled ITELOARH WUUSU.
  2417 | D:2      | 2417 ||| READING scroll labelled UCO NEDOLO.
  2518 | D:2      | 2518 ||| READING 3 scrolls labelled QOSUOQI KEWENT.
  2519 | D:2      | 2519 ||| DRINKING 3 smoky dark potions.
  2552 | D:2      | 2552 ||| READING 2 scrolls of identify.
  2552 | D:2      | 2552 ||| IDENTIFYING green potion
  2553 | D:2      | 2553 ||| DROPPING 2 potions of lignification.
  2612 | D:3      | 2612 ||| STAIRDANCE
  2739 | D:3      | 2739 ||| SWAPPING to +0 war axe.
  2740 | D:3      | 2740 ||| DROPPING +1 hand axe.
  2777 | D:3      | You fall into a shaft and drop 3 floors!
  2778 | D:6      | Noticed an ogre
  2784 | D:6      | 2784 ||| Stepping ~*~*~tactically~*~*~ (stealth).
  2784 | D:6      | Noticed a wight
  2788 | D:6      | Killed an ogre
  2789 | D:6      | Reached skill level 5 in Axes
  2789 | D:6      | Reached XP level 4. HP: 26/26 MP: 8/8
  2789 | D:6      | Gained mutation: Your magical nature lets you fly swiftly
                  | and evasively. [Tengu growth]
  2789 | D:6      | Reached XP level 5. HP: 30/30 MP: 9/9
  2790 | D:6      | HP: 5/30 [wight/+0 battleaxe (18)]
  2791 | D:6      | 2791 ||| READING scroll of teleportation.
  2792 | D:6      | Slain by a wight

Levels and vault maps discovered:
D:1:      roderic_octagonal_star, layout_loops_ring
D:2:      layout_loops_corners, basic_altar, minmay_gold_behind_fungi,
          item_on_display_a
D:3:      layout_basic, hellmonk_ecumenical_altar_arch_garden, uniq_terence
D:6:      layout_rooms, mainiacjoe_overflow_brackets, fedhas_altar_fruit_tree,
          lightli_church_of_beogh

Skill      XL: |  1  2  3 |
---------------+----------+-----
Axes           | 3 5 |  5.7
Fighting       | |  2.0
Throwing       | |  1.0
Armour         | |  1.1
Dodging        | |  2.1
Spellcasting   | |  2.0
Translocations | |  2.4

Action                   |  1- 3 |  4- 6 || total
-------------------------+-------+-------++-------
Melee: Hand axe          |    89 |       ||    89
       Kick              |    14 |     2 ||    16
       Peck              |    11 |       ||    11
       Punch             |     2 |       ||     2
       War axe           |     5 |     3 ||     8
Throw: Boomerang         |     7 |       ||     7
  Use: Scroll            |     6 |     1 ||     7
       Potion            |     1 |       ||     1
Armor: Leather armour    |    25 |       ||    25
Dodge: Dodged            |    68 |     1 ||    69

Table legend:
 A = Non-vault XP
 B = Vault XP
 C = Vault XP percentage of total XP
 D = Non-vault monster count
 E = Vault monster count
 F = Vault count percentage of total count
                 A         B        C        D         E       F
            +---------+---------+-------+---------+---------+-------
      Total |     187 |       0 |   0.0 |      41 |       0 |   0.0
            +---------+---------+-------+---------+---------+-------
        D:1 |      45 |       0 |   0.0 |      26 |       0 |   0.0
        D:2 |      21 |       0 |   0.0 |      12 |       0 |   0.0
        D:3 |       3 |       0 |   0.0 |       2 |       0 |   0.0
        D:6 |     118 |       0 |   0.0 |       1 |       0 |   0.0
            +---------+---------+-------+---------+---------+-------
